 Dungeon Crawl Stone Soup version 0.30.0-29-ga12c61a403 (webtiles) character file.

Game seed: 1518996238945003219

132 McKennaii the Trooper (level 4, -8/36 (37) HPs)
             Began as a Demonspawn Fighter on June 4, 2023.
             Mangled by Crazy Yiuf
             ... wielding a +3 quarterstaff of chaos
              (18 damage)
             ... on level 2 of the Dungeon.
             The game lasted 00:01:13 (1977 turns).

McKennaii the Trooper (Demonspawn Fighter)          Turns: 1977, Time: 00:01:15

HP:   -8/36 (37)    AC:  6    Str: 19    XL:     4   Next: 92%
MP:   2/4           EV: 14    Int:  9    God:
Gold: 106           SH:  4    Dex: 12    Spells: 3/3 levels left

rFire   . . .        a - +0 trident
rCold   . . .        c - +0 buckler
rNeg    . . .        b - +0 scale mail
rPois   .            (no helmet)
rElec   .            (no cloak)
rCorr   .            (no gloves)
SInv    .            (no boots)
Will    .....        (no amulet) Stlth
                     (no ring)
HPRegen 0.26/turn    (no ring)
MPRegen 0.09/turn

%: no passive effects
@: agile, lightly drained
A: demonic guardian 2
a: no special abilities


You were on level 2 of the Dungeon.
You visited 1 branch of the dungeon, and saw 2 of its levels.

You collected 106 gold pieces.

Inventory:

Hand Weapons
 a - a +0 trident (weapon)
Armour
 b - a +0 scale mail (worn)
 c - a +0 buckler (worn)
Scrolls
 e - a scroll of fog {unknown}
 f - 2 scrolls of identify {unknown}
 p - a scroll of teleportation {unknown}
 r - 2 scrolls of amnesia {unknown}
Potions
 d - 2 potions of might
 g - 2 potions of heal wounds {unknown}
 h - 3 potions of ambrosia {unknown}
 i - a potion of berserk rage {unknown}
 j - 3 potions of flight {unknown}
 k - a potion of haste {unknown}
 l - a potion of resistance {unknown}
 m - 4 potions of curing {unknown}
 n - a potion of brilliance {unknown}
 o - a potion of magic {unknown}
 q - a potion of attraction {unknown}
 s - a potion of mutation {unknown}
 t - a potion of invisibility {unknown}


   Skills:
 + Level 3.8 Fighting
 + Level 2.7 Polearms
 + Level 3.4 Armour
 + Level 3.4 Shields


You had 3 spell levels left.
You didn't know any spells.
Your spell library contained the following spells:

 Spells                   Type           Power      Damage    Failure   Level
 Ignite Poison            Fire/Tmut/Pois 0%         N/A       99%         3
 Sticky Flame             Conj/Fire      0%         2d3       100%        4
 Ignition                 Fire           0%         3d3       100%        8


Dungeon Overview and Level Annotations

Branches:
Dungeon (2/15)

Altars:

Shops:
D:2 (

Annotations:
D:2 Crazy Yiuf


Innate Abilities, Weirdness & Mutations

A demonic guardian rushes to your aid.


Message History

You barely miss Crazy Yiuf.
Crazy Yiuf is severely wounded.
Crazy Yiuf glowers.
Crazy Yiuf barely misses you.
You closely miss Crazy Yiuf.
Crazy Yiuf is severely wounded.
Crazy Yiuf hits you with a +3 quarterstaff of chaos!
You feel agile all of a sudden.
You are too injured to fight recklessly!
You are too injured to fight recklessly!
You are too injured to fight recklessly!
You are too injured to fight recklessly!
You are too injured to fight recklessly!
You are too injured to fight recklessly!
You are too injured to fight recklessly!
You are too injured to fight recklessly!
You are too injured to fight recklessly!
You are too injured to fight recklessly!
You are too injured to fight recklessly!
You are too injured to fight recklessly!
You hit Crazy Yiuf but do no damage.
Crazy Yiuf is severely wounded.
Crazy Yiuf laughs, "Peeping tired sing!"
Crazy Yiuf barely misses you.
You closely miss Crazy Yiuf.
Crazy Yiuf is severely wounded.
Crazy Yiuf hits you with a +3 quarterstaff of chaos.
You feel your power leaking away.
Crazy Yiuf laughs, "Gnoll rumpyflump cower!"
Crazy Yiuf barely misses you.
You barely miss Crazy Yiuf.
Crazy Yiuf is severely wounded.
Crazy Yiuf misses you.
You hit Crazy Yiuf.
Crazy Yiuf is almost dead.
Crazy Yiuf hits you with a +3 quarterstaff of chaos.
* * * LOW HITPOINT WARNING * * *
You are electrocuted!!
Ouch! That really hurt!
You die...

##### ###
#...# ######.#
##### ###.#
#####......#
#..)# #.#
......###..#
#...# #.#
####### #..#
... #.########
# ##.# #g#
#......... #
#.# ♣♣@♣
########## #
########.#
♣.♣♣
############
###........#
♣♣.♣
#...........
##...#####.#
♣.♣♣
#..#########
#.....## #.#
♣♣.♣♣ #..# #
.<.....#####
♣...♣♣
#..##### #
...........#
♣....♣
#......#####
..)....#####
#....#
#..###.#...#
.........#
####..#####..#
#......


You could see Crazy Yiuf.

Vanquished Creatures
  Natasha (twice) (D:2)
  An adder (D:2)
  2 worms (D:2)
  4 endoplasms (D:2)
  4 giant cockroaches
  4 goblins (D:2)
  4 hobgoblins
  3 quokkas (D:1)
  3 ball pythons
  4 bats (D:2)
  4 frilled lizards (D:2)
  2 kobolds (D:1)
  5 rats
42 creatures vanquished.

Vanquished Creatures (collateral kills)
  Terence (D:2)
1 creature vanquished.

Grand Total: 43 creatures vanquished

Notes
Turn   | Place    | Note
-------+----------+-------------------------------------------
     0 | D:1      | McKennaii the Demonspawn Fighter began the quest for the
                  | Orb.
     0 | D:1      | Reached XP level 1. HP: 18/18 MP: 1/1
   462 | D:1      | Gained mutation: A weak demonic guardian rushes to your
                  | aid. [demonic ancestry]
   462 | D:1      | Reached XP level 2. HP: 24/24 MP: 2/2
   862 | D:2      | Found Veydaiha's Weapon Emporium.
   877 | D:2      | Noticed Terence
   885 | D:2      | Killed Terence
   886 | D:2      | Reached XP level 3. HP: 26/29 MP: 3/3
   990 | D:2      | Found a runed translucent door.
   991 | D:2      | Noticed Crazy Yiuf
  1359 | D:2      | Gained mutation: A demonic guardian rushes to your aid.
                  | [demonic ancestry]
  1359 | D:2      | Reached XP level 4. HP: 31/35 MP: 4/4
  1649 | D:2      | Noticed Natasha
  1658 | D:2      | Killed Natasha
  1715 | D:2      | Noticed Natasha
  1731 | D:2      | Killed Natasha
  1977 | D:2      | Mangled by Crazy Yiuf

Illustrated notes

Levels and vault maps discovered:
D:1:      ncdulo_halloftheorcs, layout_basic
D:2:      layout_loops_ring, serial_shops, nicolae_shop_trees,
          kennysheep_generic_room_12, uniq_crazy_yiuf_cottage, uniq_natasha,
          uniq_terence

Skill      XL: |  1  2 |
---------------+-------+-----
Polearms       | 2 |  2.7
Armour         | 3 |  3.4
Shields        | 3 |  3.4
Fighting       | |  3.8

Action                     |  1- 3 |  4- 6 || total
---------------------------+-------+-------++-------
  Melee: Trident           |   109 |    52 ||   161
   Stab: Distracted        |     1 |       ||     1
 Armour: Scale mail        |    39 |     9 ||    48
  Dodge: Dodged            |    26 |    19 ||    45
  Block: Buckler           |    13 |     9 ||    22
